 Dungeon Sprint DCSS version 0.21-a0-71-g5e5ddd2 (webtiles) character file.

8529 Kidiri the Martial Artist (level 11, -6/97 HPs)
             Began as a Yellow Draconian Transmuter on June 19, 2017.
             Was the Champion of Wu Jian.
             Killed from afar by Harold (21 damage)
             ... with a bolt of fire
             ... in the Dungeon (Sprint VII: "The Pits").
             The game lasted 00:13:57 (2265 turns).

Kidiri the Martial Artist (DrTm)                    Turns: 2265, Time: 00:13:57

Health: -6/97      AC: 10    Str: 14    XL:     11   Next: 11%
Magic:  20/25      EV: 10    Int: 19    God:    Wu Jian [******]
Gold:   0          SH:  0    Dex: 14    Spells: 18/31 levels left

rFire    . . .     SeeInvis .     - Unarmed
rCold    . . .     Gourm    .   (shield currently unavailable)
rNeg     . . .     Faith    .   (armour unavailable)
rPois    .         Spirit   .   (helmet restricted)
rElec    .         Reflect  .   p - +2 cloak
rCorr    +         Harm     .   (gloves currently unavailable)
MR       .....     NoTele   +   (no boots)
Stlth    ++++......             (no amulet)
HPRegen  0.26/turn              e - +3 ring of intelligence
MPRegen  0.19/turn              q - +3 ring of intelligence

@: blade hands (expiring), berserk cooldown, flying, held, slowed, very slow
A: spit acid, acid resistance, unfitting armour, big wings, stinger 1, wild
magic 1, cold-blooded, AC +7
a: Breathe Acid, Stop Flying, End Transformation, Serpent's Lash, Heavenly
Storm, Renounce Religion


You were in the Dungeon.
You worshipped Wu Jian.
Wu Jian was exalted by your worship.
You were not hungry.
You had blades for hands.
You visited 1 branch

Inventory:

Armour
 p - a +2 cloak (worn)
Jewellery
 e - a +3 ring of intelligence (left scythe-like blade)
 q - a +3 ring of intelligence (right scythe-like blade)
Scrolls
 k - 3 scrolls of remove curse
 l - 5 scrolls of amnesia
 m - a scroll of summoning
Potions
 a - a potion of brilliance {unknown}
 d - 3 potions of curing
 f - 3 potions of haste
 g - 4 potions of magic
 h - 2 potions of berserk rage
 j - 2 potions of invisibility
 s - a potion of resistance
Comestibles
 c - 8 bread rations
 i - 5 chunks of flesh
 n - 30 fruits
 o - 7 meat rations


   Skills:
 + Level 9.0 Fighting
 * Level 10.5 Dodging
 * Level 9.8 Stealth
 * Level 11.8 Unarmed Combat
 * Level 10.7 Spellcasting
 * Level 11.4 Transmutations
 + Level 6.4 Ice Magic
 + Level 6.6 Poison Magic


You had 18 spell levels left.
You knew the following spells:

 Your Spells              Type           Power        Failure   Level  Hunger
a - Beastly Appendage     Tmut           ######       10%         1    None
b - Spider Form           Tmut/Pois      ######....   17%         3    None
c - Ice Form              Ice/Tmut       ######..     26%         4    ##.....
d - Blade Hands           Tmut           ######....   26%         5    ####...


Dungeon Overview and Level Annotations

Branches:
Dungeon (1/1)

Altars:
Ashenzari
Cheibriados
Dithmenos
Elyvilon
Fedhas
Gozag
Hepliaklqana
Kikubaaqudgha
Makhleb
Nemelex Xobeh
Okawaru
Qazlal
Ru
Sif Muna
Trog
Uskayaw
Vehumet
Wu Jian
Xom
Yredelemnul
Zin
The Shining One
Beogh
Jiyva
Lugonu

Annotations:
D Harold


Innate Abilities, Weirdness & Mutations

You can spit globs of acid.
You are resistant to acid.
Your golden yellow scales are hard. (AC +7)
You cannot fit into any form of body armour.
You are cold-blooded and may be slowed by cold attacks.
Your large and strong wings let you fly indefinitely.
Your tail ends in a poisonous barb.
Your spells are a little harder to cast, but a little more powerful.


Message History

You feel yourself slow down.
A freezing wraith comes into view.
You struggle against the net.
Your transformation is almost over.
You feel sick.
Harold hits you from afar with a trident of venom.
* * * LOW HITPOINT WARNING * * *
You are lethally poisoned!
You shred the net and break free!
* * * LOW HITPOINT WARNING * * *
You feel sick.
Harold casts a spell.
Harold blinks!
Harold casts a spell.
Harold blinks!
Harold throws a throwing net.
The throwing net hits you.
You become entangled in the net!
You feel better. Harold casts a spell at you. The bolt of fire hits you!
You die...

# ######## #######
###..+...# .........
##..##...### ........
#..###...+.## .......
...)##.).#..## .....#
##...##+##...###...###
.##..#...#...#.......#
..+..'...'...'.[W....#
.##..#...#...#.†@....#
##...##+##...###).§###
...)##.(.#..## ..@..#
#..###.).+.##
........# ##..##.).###
...§......# ###..+...#
...........+ #
######## #############


You could see Harold and a freezing wraith.

Vanquished Creatures
  Erolcha (D)
  Erica (D)
  2 sea snakes (D)
  A shadow wraith (D)
  A deep troll (D)
  A flayed ghost (D)
  A wolf spider (D)
  A deep elf mage (D)
  An ugly thing (D)
  A molten gargoyle (D)
  A freezing wraith (D)
  A wind drake (D)
  A tarantella (D)
  2 flying skulls (D)
  A water elemental (D)
  A wyvern (D)
  Sigmund (D)
  A hungry ghost (D)
  A steam dragon (D)
  An ice beast (D)
  An orc warrior (D)
  A porcupine (D)
  2 eyes of draining (D)
  A small abomination (D)
  A wolf (D)
  4 centaurs (D)
  A crocodile (D)
  A gnoll sergeant (D)
  3 killer bees (D)
  A quasit (D)
  Crazy Yiuf (D)
  A gnoll shaman (D)
  2 hounds (D)
  2 orc wizards (D)
  A worker ant (D)
  8 gnolls (D)
  2 river rats (D)
  An ufetubus (D)
  A leopard gecko (D)
  3 orcs (D)
  2 bat zombies (D)
  A hobgoblin (D)
  A kobold (D)
  2 ball pythons (D)
  3 bats (D)
  A rat (D)
70 creatures vanquished.

Vanquished Creatures (others)
  A gnoll (D)
1 creature vanquished.

Grand Total: 71 creatures vanquished

Notes
Turn   | Place    | Note
-------+----------+-------------------------------------------
     0 | D        | Kidiri the Draconian Transmuter began the quest for the Orb.
     0 | D        | Reached XP level 1. HP: 16/16 MP: 3/3
    56 | D        | Found a bloodstained altar of Trog.
    56 | D        | Found a deep blue altar of Sif Muna.
    56 | D        | Found a viscous altar of Jiyva.
    56 | D        | Found a hazy altar of Hepliaklqana.
    56 | D        | Found an opulent altar of Gozag.
    57 | D        | Found a glowing golden altar of the Shining One.
    57 | D        | Found a glowing silver altar of Zin.
    57 | D        | Found a basalt altar of Yredelemnul.
    57 | D        | Found a shimmering altar of Xom.
    57 | D        | Found an ornate altar of the Wu Jian Council.
    57 | D        | Found a sacrificial altar of Ru.
    57 | D        | Found a stormy altar of Qazlal.
    57 | D        | Found an iron altar of Okawaru.
    57 | D        | Found a sparkling altar of Nemelex Xobeh.
    57 | D        | Found a burning altar of Makhleb.
    57 | D        | Found a blossoming altar of Fedhas.
    57 | D        | Found a white marble altar of Elyvilon.
    57 | D        | Found a shadowy altar of Dithmenos.
    57 | D        | Found a snail-covered altar of Cheibriados.
    59 | D        | Found a radiant altar of Vehumet.
    59 | D        | Found a corrupted altar of Lugonu.
    59 | D        | Found a roughly hewn altar of Beogh.
    60 | D        | Found a hide-covered altar of Uskayaw.
    60 | D        | Found an ancient bone altar of Kikubaaqudgha.
    60 | D        | Found a shattered altar of Ashenzari.
    68 | D        | Became a worshipper of the Wu Jian Council
   140 | D        | Reached skill level 1 in Stealth
   160 | D        | Reached * piety under Wu Jian
   184 | D        | Noticed a hound
   202 | D        | Killed a hound
   202 | D        | Reached XP level 2. HP: 12/25 MP: 3/6
   202 | D        | Reached XP level 3. HP: 14/30 MP: 3/7
   207 | D        | Reached ** piety under Wu Jian
   244 | D        | Learned a level 3 spell: Spider Form
   356 | D        | Noticed an ice beast
   357 | D        | Noticed an orc warrior
   358 | D        | Noticed a flying skull
   569 | D        | Reached XP level 4. HP: 37/37 MP: 4/9
   574 | D        | Killed an ice beast
   574 | D        | Reached *** piety under Wu Jian
   574 | D        | Reached skill level 5 in Unarmed Combat
   574 | D        | Reached skill level 5 in Transmutations
   574 | D        | Reached XP level 5. HP: 46/46 MP: 4/12
   579 | D        | Killed an orc warrior
   579 | D        | Reached skill level 5 in Dodging
   579 | D        | Reached skill level 5 in Spellcasting
   584 | D        | Killed a flying skull
   584 | D        | Reached skill level 5 in Fighting
   584 | D        | Reached XP level 6. HP: 56/56 MP: 5/15
   592 | D        | Reached **** piety under Wu Jian
   660 | D        | Learned a level 4 spell: Ice Form
   666 | D        | Learned a level 5 spell: Blade Hands
   705 | D        | Noticed a flying skull
   719 | D        | Killed a flying skull
   719 | D        | Reached ***** piety under Wu Jian
   719 | D        | Reached skill level 1 in Ice Magic
   719 | D        | Reached skill level 1 in Poison Magic
   719 | D        | Your scales start taking on a golden yellow colour.
   719 | D        | Reached XP level 7. HP: 51/61 MP: 10/17
   819 | D        | Noticed Sigmund
   819 | D        | Noticed Crazy Yiuf
   819 | D        | Noticed a hungry ghost
   821 | D        | Killed a hungry ghost
   821 | D        | Reached skill level 5 in Stealth
   823 | D        | Killed Sigmund
   824 | D        | Killed Crazy Yiuf
   824 | D        | Reached XP level 8. HP: 70/70 MP: 14/19
   891 | D        | Noticed a sea snake
   906 | D        | Killed a sea snake
  1179 | D        | Noticed Erica
  1183 | D        | Reached ****** piety under Wu Jian
  1187 | D        | Reached XP level 9. HP: 63/78 MP: 13/21
  1192 | D        | Killed Erica
  1298 | D        | Noticed a freezing wraith
  1304 | D        | Killed a freezing wraith
  1304 | D        | Reached skill level 10 in Unarmed Combat
  1431 | D        | Noticed a molten gargoyle
  1435 | D        | Killed a molten gargoyle
  1456 | D        | Reached skill level 5 in Poison Magic
  1545 | D        | Noticed a sea snake
  1545 | D        | Noticed a deep troll
  1553 | D        | Killed a sea snake
  1553 | D        | Reached skill level 10 in Transmutations
  1553 | D        | Reached skill level 5 in Ice Magic
  1553 | D        | Reached XP level 10. HP: 47/88 MP: 18/23
  1557 | D        | Killed a deep troll
  1850 | D        | Noticed a deep elf mage
  1860 | D        | Killed a deep elf mage
  1866 | D        | HP: 2/88 [something (19)]
  1870 | D        | Killed a shadow wraith
  1870 | D        | Reached skill level 10 in Spellcasting
  2051 | D        | Noticed Erolcha
  2053 | D        | Killed Erolcha
  2053 | D        | Reached skill level 10 in Dodging
  2081 | D        | Noticed a purple ugly thing
  2087 | D        | Killed a purple ugly thing
  2092 | D        | Gained mutation: Your large and strong wings let you fly indefinitely. [mutagenic meat]
  2093 | D        | Gained mutation: Your tail ends in a poisonous barb. [mutagenic meat]
  2094 | D        | Gained mutation: Your spells are a little harder to cast, but a little more powerful. [mutagenic meat]
  2244 | D        | Noticed Harold
  2248 | D        | Noticed a flayed ghost
  2249 | D        | Noticed a wolf spider
  2256 | D        | Killed a wolf spider
  2256 | D        | Reached XP level 11. HP: 29/95 MP: 18/25
  2259 | D        | Killed a flayed ghost
  2265 | D        | Killed from afar by Harold

Vault maps used:
D:        pitsprint

Skill      XL: |  1  2  3  4  5  6  7  8  9 10 11 |
---------------+----------------------------------+-----
Stealth        | 1 2 3 4 5 6 8 9 |  9.8
Dodging        | 2 3 4 5 6 7 8 9 10 | 10.5
Fighting       | 2 3 5 6 7 8 9 |  9.0
Spellcasting   | 3 4 6 7 8 9 10 | 10.7
Transmutations | 3 5 6 7 8 10 11 | 11.4
Unarmed Combat | 4 5 7 8 9 10 11 | 11.8
Ice Magic      | 1 2 3 5 6 |  6.4
Poison Magic   | 1 2 3 5 6 |  6.6

Action                   |  1- 3 |  4- 6 |  7- 9 | 10-12 || total
-------------------------+-------+-------+-------+-------++-------
Melee: Unarmed           |    55 |    49 |    68 |    56 ||   228
       Kick              |     5 |     5 |       |       ||    10
       Tailslap          |     3 |     1 |     7 |     3 ||    14
       Punch             |     1 |     2 |     4 |     2 ||     9
 Cast: Beastly Appendage |     8 |     1 |     1 |       ||    10
       Spider Form       |     1 |       |       |       ||     1
       Ice Form          |       |     1 |       |       ||     1
       Blade Hands       |       |       |     8 |     4 ||    12
Invok: Serpent's Lash    |       |       |     1 |       ||     1
       Heavenly Storm    |       |       |     1 |       ||     1
 Abil: Fly               |       |       |       |     1 ||     1
  Use: Potion            |     3 |     1 |     6 |     9 ||    19
       Scroll            |     1 |       |       |       ||     1
 Stab: Sleeping          |       |       |     6 |     1 ||     7
  Eat: Chunk             |       |       |     2 |     4 ||     6
       Fruit             |       |       |    10 |       ||    10
Armor: Skin              |    17 |     9 |     6 |    26 ||    58
Dodge: Dodged            |    60 |    30 |    37 |    50 ||   177
